cohdb
Replays
Latest Replays
All Replays
Popular Replays
Top Player Replays
Match Explorer
How It Works
Community
CoH3 Stats
Reddit
Sign in to upload your games and track your stats! →
Sign in with Steam
Match 45825709
Unlisted
Match 45825709
Overview
Messages
Build Orders
End
Scout Squad
Construct Barracks
Riflemen Squad
Riflemen Squad
Riflemen Squad
Selects Special Operations Battlegroup
Infantry Support Center
Selects M29 Weasel with M1 Pack Howitzer
M29 Weasel with M1 Pack Howitzer
Construct Motor Pool
M8 Greyhound Armored Car
Construct Medical Station
Grenade Package
Selects Smoke Screen
Selects SSF Commando Squad
M1 Anti-tank Gun Team
M24 Chaffee Light Tank
M1918 Browning Automatic Rifles
Engineer Squad
Construct Tank Depot
M4A1 Sherman Medium Tank
M4A1 Sherman Medium Tank
Cory The Gardener
Liberator4515
0
0
Comments
sign in to comment!
No comments posted yet!